AoeStats
← hknarsln

Nomad

510073395Analyzed
4v4 RM · 3d ago on Sep 29, 2026· 35m 21s· 8 players
Game mode
Random Map
Map size
231×231
Population
200
Speed
Normal
Resources
Standard
Victory
Conquest
Starting age
Dark Age
Ending age
Imperial Age
RankedLock teamsTeams togetherTeam positionsShared explorationLock speedFull tech treeHidden civsTurbo modeCheats
Victory
Defeat
🇲🇦 Wu · Morocco
989
+11
🇹🇷 Huns · Türkiye
957
+12
🇦🇷 Cumans · Argentina
836
+17
🇦🇷 Sicilians · Argentina
818
+19
🇫🇷 Huns · France
933
-17
🇹🇼 Franks · Taiwan
894
-16
🇨🇳 Teutons · China
822
-13
🇻🇳 Koreans · Vietnam
819
-13
噴射大肉G
18:01 Feudal Age
19:29 Wheelbarrow
31:24 Scale Barding Armor
31:31 Forging
33:51 Castle Age
32:55 Gold Mining
33:13 Fishing Lines
34:57 Chain Barding Armor
35:13 Iron Casting
34:40 Husbandry
Osas
17:21 Feudal Age
20:20 Double-Bit Axe
22:38 Wheelbarrow
25:17 Man-at-Arms
28:22 Forging
30:53 Castle Age
30:01 Horse Collar
31:59 Long Swordsman
AnnieQN
10:52 Loom
14:33 Feudal Age
16:54 Double-Bit Axe
17:38 Fishing Lines
24:33 Castle Age
27:35 Scale Barding Armor
29:55 Forging
APC
9:28 Loom
20:10 Feudal Age
20:51 Double-Bit Axe
21:43 Wheelbarrow
21:04 Fishing Lines
21:44 Town Watch
24:42 Gold Mining
28:12 Castle Age
26:56 Stone Mining
28:52 Scale Barding Armor
28:58 Forging
29:28 Hand Cart
29:14 Town Patrol
32:14 Bow Saw
31:58 Gillnets
33:26 Husbandry
35:44 Bloodlines
KingTeOTep
7:41 Loom
15:25 Feudal Age
19:34 Castle Age
18:13 Scale Mail Armor
18:24 Forging
18:04 Arson
18:16 Double-Bit Axe
19:21 Gold Mining
19:42 Fishing Lines
20:21 Squires
20:44 Town Watch
21:41 Gillnets
23:16 Chain Mail Armor
25:37 Iron Casting
25:21 Fletching
27:58 Gold Shaft Mining
27:11 Pikeman
29:46 Bodkin Arrow
32:07 Horse Collar
33:08 Wheelbarrow
33:01 Bow Saw
32:54 Heavy Plow
33:48 Town Patrol
35:46 Hand Cart
_132_Ñandu_Arg
6:22 Loom
17:46 Feudal Age
21:55 Castle Age
20:03 Gold Mining
25:33 Wheelbarrow
25:17 Scale Barding Armor
30:21 Chain Barding Armor
30:11 Forging
hknarsln
15:57 Feudal Age
15:16 Loom
21:44 Castle Age
19:26 Horse Collar
20:05 Double-Bit Axe
21:39 Gold Mining
21:39 Stone Mining
23:26 Wheelbarrow
28:14 Caravan
29:43 Bow Saw
31:37 Marauders
32:06 Heavy Plow
32:56 Hand Cart
33:04 Bloodlines
32:55 Husbandry
33:27 Scale Barding Armor
33:40 Forging
34:40 Chain Barding Armor
JUSTICIA
3:39 Loom
15:22 Feudal Age
17:12 Stone Mining
17:44 Double-Bit Axe
24:46 Castle Age
24:08 Forging
28:17 Scale Barding Armor
31:01 Wheelbarrow
30:07 Pikeman
Connection lost

Rejoining the realm…

Still unreachable

The connection could not be restored.

Session expired

The server has moved on; the page needs a fresh start.